AoeStats
← Reimke

Lombardia

508776185Analyzed
2v2 RM · 8d ago on Sep 24, 2026· 33m 18s· 4 players
Game mode
Random Map
Map size
Medium (4 player)
Population
200
Speed
Normal
Resources
Standard
Victory
Conquest
Starting age
Dark Age
Ending age
Imperial Age
RankedLock teamsTeams togetherTeam positionsShared explorationLock speedFull tech treeHidden civsTurbo modeCheats
Victory
Defeat
🇨🇴 Ethiopians · Colombia
1140
+15
🇨🇴 Varangians · Colombia
1140
+15
🇺🇸 Saxons · United States
1125
-15
🇺🇸 Varangians · United States
1118
-15
30FLY | Andrew_Heals
8:51 Loom
11:55 Feudal Age
15:37 Castle Age
14:22 Double-Bit Axe
14:46 Horse Collar
19:56 Squires
21:05 Pikeman
24:02 Town Watch
27:54 Fletching
28:41 Husbandry
30:12 Bloodlines
31:49 Forging
Reimke
10:39 Loom
12:44 Feudal Age
14:10 Double-Bit Axe
14:10 Horse Collar
16:42 Castle Age
14:24 Horse Collar
17:47 Heavy Plow
18:53 Fletching
27:06 Pikeman
32:00 Wheelbarrow
32:02 Bow Saw
32:04 Gold Mining
32:31 Town Watch
alexander114
7:10 Loom
9:47 Feudal Age
14:50 Castle Age
12:46 Double-Bit Axe
15:17 Fletching
15:23 Crossbowman
18:24 Bodkin Arrow
22:07 Padded Archer Armor
23:55 Leather Archer Armor
25:10 Ballistics
28:23 Forging
29:49 Iron Casting
35:26 Imperial Age
KVTLB
10:13 Feudal Age
15:04 Castle Age
14:16 Loom
14:53 Double-Bit Axe
14:50 Horse Collar
15:20 Scale Barding Armor
20:00 Forging
24:13 Husbandry
25:22 Wheelbarrow
28:04 Bloodlines
29:32 Chain Barding Armor
29:50 Iron Casting
32:28 Imperial Age
29:53 Town Watch
32:17 Bow Saw
32:10 Heavy Plow
32:36 Cavalier
34:22 Plate Barding Armor
Connection lost

Rejoining the realm…

Still unreachable

The connection could not be restored.

Session expired

The server has moved on; the page needs a fresh start.